AoeStats
← charliegieser

Black Forest

508067121Analyzed
2v2 RM · 12d ago on Sep 20, 2026· 45m 47s· 4 players
Game mode
Random Map
Map size
Medium (4 player)
Population
200
Speed
Normal
Resources
Standard
Victory
Conquest
Starting age
Dark Age
Ending age
Imperial Age
RankedLock teamsTeams togetherTeam positionsShared explorationLock speedFull tech treeHidden civsTurbo modeCheats
Victory
Defeat
🇺🇸 Khmer · United States
978
+17
🇺🇸 Aztecs · United States
955
+18
🇧🇪 Lithuanians · Belgium
1042
-20
🇧🇪 Koreans · Belgium
947
-15
wgieser
11:29 Feudal Age
15:52 Castle Age
24:07 Double-Bit Axe
25:46 Bow Saw
28:32 Bloodlines
30:59 Husbandry
31:10 Husbandry
37:19 Imperial Age
36:12 Wheelbarrow
36:42 Fortified Wall
36:43 Masonry
36:43 Light Cavalry
37:41 Gold Mining
37:42 Stone Mining
37:40 Horse Collar
38:09 Scale Barding Armor
40:19 Hussar
42:02 Double Crossbow
42:38 Double Crossbow
43:06 Hand Cart
charliegieser
13:11 Feudal Age
11:55 Loom
14:02 Man-at-Arms
16:48 Stone Mining
23:22 Castle Age
23:08 Arson
23:12 Double-Bit Axe
23:10 Horse Collar
23:27 Gold Mining
24:14 Pikeman
24:54 Squires
24:40 Gambesons
30:56 Stone Mining
34:16 Fortified Wall
35:31 Wheelbarrow
36:13 Heavy Plow
36:51 Scale Mail Armor
36:41 Fletching
36:51 Scale Mail Armor
37:46 Atlatl
39:58 Forging
40:04 Chain Mail Armor
45:17 Imperial Age
44:21 Bow Saw
44:30 Hand Cart
44:56 Iron Casting
46:31 Garland Wars
santrex.be
1:11 Loom
13:23 Feudal Age
20:16 Castle Age
18:34 Double-Bit Axe
19:40 Horse Collar
21:24 Wheelbarrow
21:41 Pikeman
22:24 Scale Mail Armor
24:19 Squires
26:12 Forging
27:53 Chain Mail Armor
27:35 Gambesons
28:23 Fletching
29:48 Bodkin Arrow
30:37 Bow Saw
31:11 Iron Casting
30:38 Crossbowman
32:00 Thumb Ring
36:52 Gold Mining
42:42 Hand Cart
43:09 Heavy Plow
44:09 Fortified Wall
44:55 Man-at-Arms
45:23 Arson
✪ GiBiG
0:38 Loom
11:29 Feudal Age
14:15 Arson
16:23 Double-Bit Axe
18:43 Man-at-Arms
19:34 Stone Mining
21:12 Town Watch
22:27 Fishing Lines
26:41 Castle Age
25:14 Forging
25:05 Scale Mail Armor
26:52 Pikeman
27:41 Long Swordsman
28:32 Husbandry
28:42 Bloodlines
28:50 Squires
31:16 Bloodlines
31:10 Gillnets
33:05 Iron Casting
35:35 Bow Saw
36:59 Thumb Ring
38:09 Wheelbarrow
40:46 Imperial Age
39:11 Horse Collar
40:45 Scale Barding Armor
40:41 Padded Archer Armor
41:00 Gold Mining
42:24 Murder Holes
42:23 Heated Shot
42:27 Fletching
42:53 Chain Mail Armor
42:58 Chain Barding Armor
42:54 Leather Archer Armor
42:59 Cavalier
43:15 Elite Leitis
44:35 Ballistics
44:24 Elite Leitis
Connection lost

Rejoining the realm…

Still unreachable

The connection could not be restored.

Session expired

The server has moved on; the page needs a fresh start.